 Dungeon Crawl Stone Soup version 0.30-a0-739-gea05faddec (webtiles) character file.

Game seed: 8346556302609857963

90 Leeroy the Sneak (level 4, -2/23 HPs)
             Began as a Vine Stalker Warper on Feb 4, 2023.
             Slain by a gnoll
             ... wielding a +0 flail
              (9 damage)
             ... on level 3 of the Dungeon.
             The game lasted 00:03:18 (1599 turns).

Leeroy the Sneak (Vine Stalker Warper)              Turns: 1599, Time: 00:03:19

Health: -2/23      AC:  3    Str: 13    XL:     4   Next: 56%
Magic:  0/8        EV: 11    Int: 13    God:
Gold:   44         SH:  0    Dex: 16    Spells: 7/7 levels left

rFire   . . .      SeeInvis .    k - +3 short sword
rCold   . . .      Faith    .    (no shield)
rNeg    . . .      Spirit   +    b - +0 leather armour
rPois   .          Reflect  .    (no helmet)
rElec   .          Harm     .    (no cloak)
rCorr   .          Rampage  .    (no gloves)
Will    .....                    (no boots)
Stlth   ++                       i - amulet of magic regeneration
HPRegen 1.03/turn                (no ring)
MPRegen 0.51/turn                (no ring)

@: no status effects
A: fangs 2, regeneration 1, magic shield, antimagic bite, no potion heal 2
a: no special abilities


You were on level 3 of the Dungeon.
You visited 1 branch of the dungeon, and saw 3 of its levels.

You collected 44 gold pieces.

Inventory:

Hand Weapons
 a - a +0 falchion
 k - a +3 short sword (weapon)
Missiles
 d - 7 boomerangs of dispersal (quivered)
 l - 3 javelins
Armour
 b - a +0 leather armour (worn)
Jewellery
 i - an amulet of magic regeneration (around neck)
Scrolls
 c - a scroll of blinking
 e - a scroll of amnesia {unknown}
 g - a scroll of identify {unknown}
 h - 2 scrolls of magic mapping {unknown}
 m - a scroll of poison {unknown}
 s - a scroll of teleportation {unknown}
 t - a scroll of butterflies {unknown}
Potions
 f - 2 potions of heal wounds {unknown}
 j - a potion of mutation {unknown}
 n - 2 potions of degeneration {unknown}
 o - a potion of berserk rage {unknown}
 p - a potion of flight {unknown}
 q - a potion of lignification {unknown}
 r - a potion of magic {unknown}


   Skills:
 - Level 1.7 Fighting
 - Level 3.0 Long Blades
 - Level 0.8 Throwing
 - Level 0.7 Armour
 - Level 1.5 Dodging
 + Level 3.9 Stealth
 - Level 2.1 Spellcasting
 - Level 3.0 Translocations


You had 7 spell levels left.
You didn't know any spells.
Your spell library contained the following spells:

 Spells                   Type           Power      Damage    Failure   Level
 Blink                    Tloc           18%        N/A       14%         2
 Lesser Beckoning         Tloc           18%        N/A       14%         2
 Teleport Other           Tloc           9%         N/A       28%         3
 Vhi's Electric Charge    Tloc/Air       10%        N/A       45%         3
 Manifold Assault         Tloc           9%         N/A       67%         4
 Animate Dead             Necr           1%         N/A       97%         4
 Borgnjor's Vile Clutch   Necr/Erth      0%         N/A       100%        5
 Death Channel            Necr           0%         N/A       100%        6


Dungeon Overview and Level Annotations

Branches:
Dungeon (3/15)

Altars:


Innate Abilities, Weirdness & Mutations

You have extremely sharp teeth.
Your natural rate of healing is unusually fast.
When hurt, damage is shared between your health and your magic reserves.
Your bite disrupts and absorbs the magic of your enemies.
Potions cannot restore your health.


Message History

You are too injured to fight recklessly!
You are too injured to fight recklessly!
You are too injured to fight recklessly!
The gnoll attacks as you move away! The gnoll closely misses you.
You hit the gnoll. Your bite misses the gnoll.
The gnoll is moderately wounded.
The gnoll hits you with a +0 whip.
You hit the gnoll. Your bite misses the gnoll.
The gnoll is heavily wounded.
You hit the gnoll.
The gnoll is almost dead.
The gnoll hits you with a +0 whip.
You closely miss the gnoll. Your bite misses the gnoll.
The gnoll is almost dead.
The gnoll closely misses you.
You completely miss the gnoll. You bite the gnoll.
You kill the gnoll!
You hit the gnoll.
The gnoll is moderately wounded.
The gnoll hits you with a +0 whip.
* * * LOW HITPOINT WARNING * * *
You hit the gnoll.
The gnoll is severely wounded.
The gnoll barely misses you.
You barely miss the gnoll. You bite the gnoll, but do no damage.
The gnoll is severely wounded.
The gnoll hits you with a +0 whip.
* * * LOW HITPOINT WARNING * * *
You hit the gnoll. Your bite misses the gnoll.
The gnoll is almost dead.
The gnoll hits you with a +0 whip.
* * * LOW HITPOINT WARNING * * *
You completely miss the gnoll.
The gnoll is almost dead.
The gnoll hits you with a +0 whip.
* * * LOW HITPOINT WARNING * * *
You puncture the gnoll!
You kill the gnoll!
You closely miss the gnoll. The gnoll hits you with a +0 flail!
You die...

######### ........# ###
........# ##.# ........#
##..# ........#########
##...#
.[....†.g@†..>..####..#.#
........#######...##.##.#
......).# ###)...##.#
####.#......# ##..###.#
#.#......# ##.###.## #
#......# #####..##...
#....................
#.........####.###...
#......##. ......#.##


You could see a gnoll.

Vanquished Creatures
  3 gnolls (D:3)
  2 worms (D:2)
  2 dart slugs
  An orc (D:2)
  3 ball pythons
  4 endoplasms
  4 giant cockroaches
  A goblin (D:1)
  6 hobgoblins
  4 jackals (D:2)
  2 quokkas (D:1)
  5 bats
  A frilled lizard (D:1)
  5 kobolds
  5 rats
48 creatures vanquished.

Notes
Turn   | Place    | Note
-------+----------+-------------------------------------------
     0 | D:1      | Leeroy the Vine Stalker Warper began the quest for the Orb.
     0 | D:1      | Reached XP level 1. HP: 11/11 MP: 4/4
   143 | D:1      | Reached XP level 2. HP: 8/15 MP: 4/6
   493 | D:2      | Reached XP level 3. HP: 18/18 MP: 7/7
   569 | D:2      | Reached skill level 1 in Stealth
  1394 | D:2      | Found a faded altar of an unknown god.
  1564 | D:3      | Gained mutation: Your natural rate of healing is unusually
                  | fast. [Vine Stalker growth]
  1564 | D:3      | Reached XP level 4. HP: 23/23 MP: 8/8
  1599 | D:3      | Slain by a gnoll

Illustrated notes

Levels and vault maps discovered:
D:1:      dpeg_arrival_long_road, layout_rooms
D:2:      layout_loops_corners, dreamdust_ecumenical_altar_hidden_monk_grotto,
          minmay_misc_feat_tiny
D:3:      layout_rooms, xom_teletrap_fun

Skill      XL: |  1  2  3  4 |
---------------+-------------+-----
Long Blades    | 2 3 |  3.0
Stealth        | 2 3 |  3.9
Fighting       | |  1.7
Throwing       | |  0.8
Armour         | |  0.7
Dodging        | |  1.5
Spellcasting   | |  2.1
Translocations | |  3.0

Action                     |  1- 3 |  4- 6 || total
---------------------------+-------+-------++-------
  Melee: Falchion          |    40 |       ||    40
         Bite              |    34 |     7 ||    41
         Punch             |     1 |       ||     1
         Short sword       |    88 |    26 ||   114
   Stab: Sleeping          |     2 |       ||     2
 Armour: Leather armour    |    32 |       ||    32
  Dodge: Dodged            |    83 |    20 ||   103

Table legend: (Time is in decaauts)
 A = Elapsed time spent in this place.
 B = Non-inter-level travel time spent in this place.
 C = Inter-level travel time spent in this place.
 D = Time resting spent in this place.
 E = Time spent auto-exploring this place.
 F = Levels seen in this place.
 G = Mean time per level.
                   A        B        C        D        E       F      G
               +--------+--------+--------+--------+--------+-----+--------+
         Total |   1596 |   1513 |     83 |      0 |   1177 |   3 |  532.0 |
       Dungeon |   1596 |   1513 |     83 |      0 |   1177 |   3 |  532.0 |
               +--------+--------+--------+--------+--------+-----+--------+

Top non-repeatable levels by time:
     D:2: 1003 daAuts
     D:1: 484 daAuts
     D:3: 109 daAuts
